 Dungeon Crawl Stone Soup version 0.30-a0-567-gf7fd966b4a (webtiles) character file.

Game seed: 7193472906035265848

788 Dirtsage the Changer (level 7, 0/48 (52) HPs)
             Began as an Octopode Transmuter on Dec 28, 2022.
             Slain by a wight
             ... wielding a +4 halberd
              (13 damage)
             ... on level 6 of the Dungeon.
             The game lasted 00:09:19 (3520 turns).

Dirtsage the Changer (Octopode Transmuter)          Turns: 3520, Time: 00:09:19

HP:   0/48 (52)     AC:  7    Str: 10    XL:     7   Next: 87%
MP:   7/10          EV: 10    Int: 17    God:
Gold: 169           SH:  0    Dex: 12    Spells: 3/10 levels left

rFire   x . .      SeeInvis .      - Unarmed
rCold   + + +      Faith    .    (shield currently unavailable)
rNeg    . . .      Spirit   .    (helmet currently unavailable)
rPois   +          Reflect  .    (no amulet)
rElec   .          Harm     .    h - ring of willpower
rCorr   .          Rampage  .    (no ring)
Will    +....                    (no ring)
Stlth   +                        (no ring)
HPRegen 0.28/turn                (no ring)
MPRegen 0.12/turn                (no ring)
                                 (no ring)
                                 (no ring)

@: ice-form, drained
A: freezing attack, boosted hp, almost no armour, amphibious, 8 rings, large,
(camouflage 1), (gelatinous body 1), (nimble swimmer 1), (tentacles)
a: End Transformation


You were on level 6 of the Dungeon.
You were a creature of crystalline ice.
You visited 1 branch of the dungeon, and saw 5 of its levels.

You collected 169 gold pieces.

Inventory:

Magical Staves
 q - a staff of air
Jewellery
 h - a ring of willpower (left front paw)
Wands
 o - a wand of mindburst (6)
Scrolls
 b - 4 scrolls of immolation {unknown}
 d - a scroll of amnesia {unknown}
 e - 3 scrolls of identify {unknown}
 f - a scroll of teleportation {unknown}
 j - 3 scrolls of fear {unknown}
 m - 2 scrolls of noise {unknown}
 n - a scroll of vulnerability {unknown}
 p - a scroll of magic mapping {unknown}
Potions
 a - a potion of lignification
 c - a potion of heal wounds {unknown}
 g - 2 potions of degeneration {unknown}
 i - a potion of brilliance {unknown}
 k - 2 potions of mutation {unknown}
 l - 3 potions of curing {unknown}


   Skills:
 + Level 1.8 Fighting
 - Level 2.0 Dodging
 + Level 3.3 Unarmed Combat
 - Level 2.0 Spellcasting
 * Level 6.0 Transmutations
 * Level 5.6 Ice Magic


You had 3 spell levels left.
You knew the following spells:

 Your Spells              Type           Power      Damage    Failure   Level
a - Beastly Appendage     Tmut           44%        N/A       1%          1
b - Wereblood             Tmut           22%        N/A       2%          2
c - Ice Form              Ice/Tmut       21%        N/A       17%         4

Your spell library contained the following spells:

 Spells                   Type           Power      Damage    Failure   Level
 Spider Form              Tmut/Pois      12%        N/A       17%         3
 Gell's Gravitas          Tloc           1%         N/A       50%         3
 Teleport Other           Tloc           1%         N/A       50%         3
 Animate Dead             Necr           1%         N/A       88%         4
 Dispersal                Tloc           0%         N/A       100%        6
 Haunt                    Necr/Summ      0%         N/A       100%        7
 Infestation              Necr           0%         N/A       100%        8


Dungeon Overview and Level Annotations

Branches:
Dungeon (4/15)
 Temple: D:4-7

Altars:
Okawaru
Qazlal


Innate Abilities, Weirdness & Mutations

You are a creature of crystalline ice.
You have a powerful freezing melee attack.
Your maximum health is increased.
Your armour is entirely melded.
You are incapable of wielding weapons or throwing items.
You cannot wear most types of armour.
You are amphibious.
You can wear up to eight rings at the same time.
((Your skin changes colour to match your surroundings (Stealth+).))
((Your rubbery body absorbs attacks. (AC +1, EV +1)))
((You are camouflaged when in or above water. (Stealth+)))
((You have tentacles for arms and can constrict up to eight enemies at once.))


Message History

The white imp gestures at you. The puff of frost misses you.
You hit the white imp.
The white imp is severely wounded.
You hit the white imp but do no damage.
The white imp is severely wounded.
The white imp closely misses you.
You punch the white imp!
You kill the white imp!
The ogre shouts!
Found a stone staircase leading down.
Health restored: 52 The wight hits you with a +4 halberd!
You take 10 damage, and have 42/52 hp.
You punch the wight!
The wight is heavily damaged.
The wight closely misses you.
You hit the wight.
The wight is severely damaged.
The wight misses you.
You barely miss the wight.
The wight is severely damaged.
The ogre closely misses you. The wight hits you with a +4 halberd.
You feel drained.
You take 4 damage, and have 38/51 hp.
You punch the ogre! You freeze the ogre.
The ogre is heavily wounded.
The wight hits you with a +4 halberd.
You feel drained. The ogre closely misses you.
You take 4 damage, and have 34/49 hp.
You hit the wight but do no damage.
The wight is severely damaged.
The wight hits you with a +4 halberd.
You feel drained.
You take 2 damage, and have 32/48 hp.
You completely miss the ogre.
The ogre is heavily wounded.
The ogre hits you with a +0 giant club!!
* * * LOW HITPOINT WARNING * * *
The wight hits you with a +4 halberd!
You die...

#.....>...
####........ ..
...............
.....).. ...
......##.##..#.
#....#...#...?
#.............
#.Yz)._..(. ..
##O.$.........
#..#...#.....
##.##.##.....
#...........
###.........
#.........
...........
.............


You could see an ogre and a wight.

Vanquished Creatures
  Grinder (D:4)
  2 ogres
  A centaur (D:4)
  A bullfrog (D:4)
  A scorpion (D:4)
  A jelly (D:4)
  A gnoll bouda (D:3)
  5 adders
  6 gnolls (D:3)
  A white imp (D:6)
  A worm (D:2)
  A dart slug (D:1)
  5 ball pythons
  3 bats
  4 endoplasms
  6 giant cockroaches
  13 goblins
  3 hobgoblins
  2 jackals (D:1)
  5 quokkas
  9 kobolds
  5 rats
77 creatures vanquished.

Notes
Turn   | Place    | Note
-------+----------+-------------------------------------------
     0 | D:1      | Dirtsage the Octopode Transmuter began the quest for the
                  | Orb.
     0 | D:1      | Reached XP level 1. HP: 13/13 MP: 3/3
   177 | D:1      | Reached skill level 1 in Ice Magic
   177 | D:1      | Reached XP level 2. HP: 18/18 MP: 5/5
   441 | D:1      | Learned a level 2 spell: Wereblood
   557 | D:2      | Reached XP level 3. HP: 19/23 MP: 4/6
   705 | D:2      | Reached skill level 3 in Transmutations
   989 | D:2      | Reached XP level 4. HP: 20/28 MP: 5/7
  1609 | D:3      | Reached XP level 5. HP: 17/33 MP: 6/8
  1677 | D:3      | Learned a level 4 spell: Ice Form
  2102 | D:3      | Reached skill level 4 in Transmutations
  2214 | D:3      | Found a stormy altar of Qazlal.
  2351 | D:3      | Noticed an ogre
  2362 | D:3      | Killed an ogre
  2363 | D:3      | Reached XP level 6. HP: 13/38 MP: 9/9
  2647 | D:4      | Reached skill level 5 in Transmutations
  2657 | D:4      | HP: 1/38 [poisoned by a scorpion]
  3146 | D:4      | Reached XP level 7. HP: 43/43 MP: 3/10
  3150 | D:4      | Reached skill level 5 in Ice Magic
  3414 | D:4      | Noticed Grinder
  3426 | D:4      | Killed Grinder
  3427 | D:4      | Reached skill level 6 in Transmutations
  3500 | D:4      | You fall into a shaft and drop 2 floors!
  3500 | D:6      | Found an iron altar of Okawaru.
  3520 | D:6      | Slain by a wight

Illustrated notes

Levels and vault maps discovered:
D:1:      dreamdust_arrival_beginning_and_end, layout_basic,
          minmay_tree_intersection, amcnicky_mini_pool_small,
          minmay_misc_feat_five, serial_bayou_crossing
D:2:      layout_rooms, minmay_misc_feat_iff
D:3:      layout_loops_cross, mainiacjoe_overflow_alcove_2
D:4:      layout_loops_corners, minmay_ogre_servants, uniq_grinder
D:6:      layout_basic, okawaru_gym_becter, kennysheep_generic_room_10,
          uniq_sigmund

Skill      XL: |  1  2  3  4  5  6  7 |
---------------+----------------------+-----
Ice Magic      | 1 2 3 4 5 |  5.6
Transmutations | 3 4 5 6 |  6.0
Fighting       | |  1.8
Dodging        | |  2.0
Unarmed Combat | |  3.3
Spellcasting   | |  2.0

Action                   |  1- 3 |  4- 6 |  7- 9 || total
-------------------------+-------+-------+-------++-------
Melee: Unarmed           |    76 |    95 |    44 ||   215
       Constrict         |    23 |    18 |     3 ||    44
       Tentacles         |    22 |    13 |     4 ||    39
       Kick              |     4 |    22 |     2 ||    28
       Punch             |     2 |     2 |       ||     4
 Cast: Beastly Appendage |     7 |    10 |     2 ||    19
       Ice Form          |       |     4 |     2 ||     6
       Wereblood         |       |     1 |       ||     1
 Stab: Sleeping          |     4 |     5 |     1 ||    10
Armor: Skin              |     4 |     8 |     2 ||    14
Dodge: Dodged            |    37 |    42 |    18 ||    97

Table legend: (Time is in decaauts)
 A = Elapsed time spent in this place.
 B = Non-inter-level travel time spent in this place.
 C = Inter-level travel time spent in this place.
 D = Time resting spent in this place.
 E = Time spent auto-exploring this place.
 F = Levels seen in this place.
 G = Mean time per level.
                   A        B        C        D        E       F      G
               +--------+--------+--------+--------+--------+-----+--------+
         Total |   3506 |   3449 |     57 |    437 |   2378 |   5 |  701.2 |
       Dungeon |   3506 |   3449 |     57 |    437 |   2378 |   5 |  701.2 |
               +--------+--------+--------+--------+--------+-----+--------+

Top non-repeatable levels by time:
     D:3: 1315 daAuts
     D:4: 934 daAuts
     D:2: 730 daAuts
     D:1: 506 daAuts
     D:6: 19 daAuts
